 Dungeon Crawl Stone Soup version 0.31-a0-963-ga325b2283a (webtiles) character file.

Game seed: 16897563258734675910

222014 Dirtsage the Champion of Chaos (level 18, 0/147 HPs)
             Began as a Demonspawn Fighter on Oct 25, 2023.
             Was the Champion of Makhleb.
             Slain by a +1 short sword of speed (6 damage)
             ... on level 2 of the Elven Halls.
             The game lasted 01:48:40 (30006 turns).

Dirtsage the Champion of Chaos (DsFi)              Turns: 30006, Time: 01:48:40

Health: 0/147      AC: 21    Str: 18    XL:     18   Next: 52%
Magic:  30/30      EV: 22    Int: 11    God:    Makhleb [******]
Gold:   962        SH: 23    Dex: 25    Spells: 27/33 levels left

rFire   + + .        y - +6 double sword "Iqiefiq" {freeze, rF++}
rCold   . . .        s - +2 tower shield {reflect}
rNeg    + . .        K - +4 ring mail {rPois}
rPois   +            (helmet unavailable)
rElec   +            O - scarf {repulsion}
rCorr   +            U - +1 pair of gloves
SInv    +            F - +2 pair of boots
Will    +....        A - amulet of Zampisk {rElec Regen+ rCorr Dex+3}
Stlth   ++++++       N - ring of positive energy
HPRegen 1.24/turn    o - +4 ring of protection
MPRegen 0.22/turn

%: repel missiles, reflection
@: agile, lethally poisoned (0 -> -1)
A: antennae 3, thin skeletal structure 2, ignite blood 2, powered by pain 3,
robust 1
}: 1/15 runes: serpentine
a: Renounce Religion, Minor Destruction, Lesser Servant of Makhleb, Major
Destruction, Greater Servant of Makhleb


You were on level 2 of the Elven Halls.
You worshipped Makhleb.
Makhleb was exalted by your worship.
You visited 6 branches of the dungeon, and saw 29 of its levels.
You visited the Abyss 1 time.
You visited 1 bazaar.
You also visited: Bailey, Gauntlet and Ice Cave.

You collected 3773 gold pieces.
You spent 2811 gold pieces at shops.

Inventory:

Hand Weapons
 y - the +6 double sword "Iqiefiq" (weapon) {freeze, rF++}
   (You acquired it in a bazaar)

   rF++:      It greatly protects you from fire.
Missiles
 b - 2 curare-tipped darts
 M - 6 throwing nets
Armour
 s - a +2 tower shield of reflection (worn)
 F - a +2 pair of boots (worn)
 K - a +4 ring mail of poison resistance (worn)
 O - a scarf of repulsion (worn)
 U - a +1 pair of gloves (worn)
Jewellery
 c - a +4 ring of protection
 e - a +6 ring of dexterity
 o - a +4 ring of protection (right hand)
 z - the ring of Laxorez {Fire Will++ rCorr}
   (You found it on level 5 of the Dungeon)

   [ring of fire]

   Fire:      It enhances your fire magic.
   rF+:       It protects you from fire.
   rC-:       It makes you vulnerable to cold.
   Will++:    It greatly increases your willpower.
   rCorr:     It protects you from acid and corrosion.
 A - the amulet of Zampisk (around neck) {rElec Regen+ rCorr Dex+3}
   (You bought it in a shop in a bazaar)

   [amulet of regeneration]

   Dex+3:     It affects your dexterity (+3).
   rElec:     It insulates you from electricity.
   Regen+:    It increases your rate of health regeneration.
   rCorr:     It protects you from acid and corrosion.
 N - a ring of positive energy (left hand)
Wands
 w - a wand of acid (10)
 D - a wand of digging (20)
 I - a wand of mindburst (18)
 R - a wand of paralysis (25)
 W - a wand of flame (13)
 Y - a wand of roots (5)
Scrolls
 a - 4 scrolls of amnesia
 g - 5 scrolls of fear
 i - 7 scrolls of identify
 k - 8 scrolls of fog
 p - 7 scrolls of enchant weapon
 r - 3 scrolls of revelation
 t - 12 scrolls of teleportation
 u - a scroll of brand weapon
 B - a scroll of blinking
 E - 2 scrolls of summoning
 H - 4 scrolls of poison
 L - 5 scrolls of enchant armour
 S - 5 scrolls of immolation
 T - 4 scrolls of vulnerability
 V - 4 scrolls of noise
Potions
 d - 4 potions of might
 f - 4 potions of lignification
 h - 7 potions of haste
 j - 7 potions of ambrosia
 l - 9 potions of heal wounds
 n - 2 potions of resistance
 q - 9 potions of curing
 v - a potion of enlightenment
 x - 3 potions of mutation
 C - a potion of magic
 G - 3 potions of cancellation
 J - 3 potions of invisibility
 P - 2 potions of berserk rage
 Q - 5 potions of brilliance
 Z - 4 potions of attraction
Miscellaneous
 m - a phial of floods


   Skills:
 - Level 10.0 Fighting
 - Level 14.0 Long Blades
 + Level 10.3 Armour
 + Level 9.8 Dodging
 - Level 8.2 Stealth
 * Level 13.7 Shields
 + Level 8.3 Spellcasting
 * Level 11.3 Translocations
 - Level 16.0 Invocations
 * Level 5.4 Shapeshifting


You had 27 spell levels left.
You knew the following spells:

 Your Spells              Type           Power      Damage    Failure   Level
a - Manifold Assault      Tloc           29%        N/A       8%          4
b - Blink                 Tloc           58%        N/A       1%          2

Your spell library contained the following spells:

 Spells                   Type           Power      Damage    Failure   Level
 Lesser Beckoning         Tloc           58%        N/A       1%          2
 Gell's Gravitas          Tloc           29%        N/A       2%          3
 Teleport Other           Tloc           29%        N/A       2%          3
 Momentum Strike          Conj/Tloc      34%        3d8       12%         2
 Volatile Blastmotes      Fire/Tloc      34%        2d12      24%         3
 Dimensional Bullseye     Hex/Tloc       8%         N/A       61%         4
 Iskenderun's Mystic Bla  Conj/Tloc      17%        2d5       61%         4
 Shock                    Conj/Air       16%        1d4       63%         1
 Sting                    Tmut/Pois      16%        1d3       63%         1
 Summon Small Mammal      Summ           16%        N/A       63%         1
 Cigotuvi's Dreadful Rot  Necr/Pois/Air  8%         N/A       77%         2
 Ensorcelled Hibernation  Hex/Ice        8%         N/A       77%         2
 Jinxbite                 Hex            8%         N/A       77%         2
 Passwall                 Tmut/Erth      3%         N/A       77%         2
 Poisonous Vapours        Pois/Air       8%         N/A       77%         2
 Static Discharge         Conj/Air       8%         3-4/arc   77%         2
 Call Canine Familiar     Summ           4%         N/A       94%         3
 Dazzling Flash           Conj/Hex       8%         N/A       94%         3
 Ignite Poison            Fire/Tmut/Pois 4%         N/A       94%         3
 Mephitic Cloud           Conj/Pois/Air  4%         N/A       94%         3
 Sigil of Binding         Hex            4%         N/A       94%         3
 Stone Arrow              Conj/Erth      8%         3d7       94%         3
 Summon Guardian Golem    Hex/Summ       4%         N/A       94%         3
 Swiftness                Air            4%         N/A       94%         3
 Tukima's Dance           Hex            4%         N/A       94%         3
 Airstrike                Air            2%         2d(1-17)  100%        4
 Anguish                  Hex/Necr       2%         N/A       100%        4
 Animate Armour           Summ/Erth      8%         N/A       100%        4
 Leda's Liquefaction      Hex/Erth       2%         N/A       100%        4
 Olgreb's Toxic Radiance  Pois           4%         N/A       100%        4
 Summon Ice Beast         Ice/Summ       4%         N/A       100%        4
 Summon Lightning Spire   Summ/Air       4%         N/A       100%        4
 Agony                    Necr           4%         N/A       100%        5
 Freezing Cloud           Conj/Ice/Air   2%         6-21      100%        5
 Silence                  Hex/Air        2%         N/A       100%        5
 Summon Mana Viper        Hex/Summ       4%         N/A       100%        5
 Conjure Ball Lightning   Conj/Air       2%         3x3d6     100%        6
 Starburst                Conj/Fire      2%         6d3       100%        6
 Monstrous Menagerie      Summ           2%         N/A       100%        7
 Discord                  Hex            2%         N/A       100%        8
 Disjunction              Tloc           14%        N/A       100%        8
 Ignition                 Fire           2%         3d3       100%        8
 Lehudib's Crystal Spear  Conj/Erth      2%         10d2      100%        8
 Maxwell's Capacitive Co  Air            2%         ∞         100%        8


Dungeon Overview and Level Annotations

Branches:
Dungeon (15/15)            Temple (1/1) D:5            Lair (5/5) D:11
  Swamp (0/4) Lair:3        Snake (4/4) Lair:3        Slime (0/5) Lair:5
    Orc (2/2) D:11            Elf (2/3) Orc:2        Vaults (0/5) D:13
 Depths (0/4) D:15         Bailey (visited)           IceCv (visited)
Gauntlet (visited)

Altars:
Ashenzari
Cheibriados
Dithmenos
Fedhas
Gozag
Hepliaklqana
Kikubaaqudgha
Makhleb
Nemelex Xobeh
Okawaru
Qazlal
Ru
Sif Muna
Trog
Uskayaw
Vehumet
Wu Jian
Xom
Yredelemnul

Shops:
Orc:2 ::[!   Elf:2 (   Snake:2 (   Snake:4 ?!(=[

Annotations:
D:7 1 runed translucent door, lastchild's ghost, novice OpSh
Elf:1 Agnes


Innate Abilities, Weirdness & Mutations

You have a pair of large antennae on your head. (SInv)
You have a moderately thin skeletal structure. (Dex +4, Stealth++)
Your demonic aura often causes spilled blood to erupt in flames.
You are powered by pain.
You are robust. (+10% HP)


Message History

You kill the deep elf pyromancer!
Makhleb accepts your kill.
You feel better.
You feel sick.
You block the +1 short sword of speed's attack.
The deep elf knight casts a spell at you.
The shard of ice hits you!!!
* * * LOW HITPOINT WARNING * * *
You block the +1 short sword of speed's attack.
You block the +3 halberd of venom's attack.
The +1 short sword of speed closely misses you.
The fire elemental misses you.
The deep elf knight hits you but does no damage.
Your balrug gestures at the +1 short sword of speed.
The +1 short sword of speed is smitten.
The deep elf zephyrmancer hits you with a +0 long sword.
* * * LOW HITPOINT WARNING * * *
The +3 halberd of venom hits you from afar!!
* * * LOW HITPOINT WARNING * * *
You focus on the pain.
You feel agile all of a sudden.
The deep elf pyromancer casts a spell.
The deep elf pyromancer blinks!
You take 62 damage, and have 6/147 hp.
MASSIVE DAMAGE!!
As you read the scroll of fear, it crumbles to dust.
You assume a fearsome visage.
The +1 short sword of speed is unaffected.
The deep elf knight resists with some effort.
The +3 halberd of venom is unaffected.
The deep elf zephyrmancer looks frightened!
The deep elf pyromancer looks frightened!
The deep elf zephyrmancer looks frightened!
The fire elemental is unaffected.
The +2 flail of venom is unaffected.
You feel sick.
The +1 short sword of speed barely misses you.
The +1 short sword of speed hits you but does no damage.
The deep elf knight gestures at you while chanting.
The lance of force is repelled.
The fire elemental misses you.
A +4 scimitar of holy wrath comes into view.
The +1 short sword of speed hits you.
You die...

...###... ##........#
..(..#...# ##.......#
.........## ###......#
..........## #....#####
...........# ##....##
....§......# ###.....##
...e.(.§☼..###.....#..##
......(eE.'##...#......'
.e....☼@e#'.'..........#
......2(○##.'.#...#.....
.........#+.'..........#
..........+##...#......#
........... ##.....#...#
...........# ###.....###
...........# ##.)))..##
..........## ##..)))...'
#.........#


You could see a deep elf knight (fast, invisible), a deep elf pyromancer
(fleeing), 2 deep elf zephyrmancers, a fire elemental (summoned), 4 dancing
weapons and a friendly balrug (summoned).

Vanquished Creatures
  Vashnia (Snake:4)
  A bone dragon (Abyss:3)
  Rupert (D:14)
  Roxanne (Snake:1)
  5 nagarajas (Snake:4)
  2 orc warlords
  A stone giant (D:15)
  A deep elf demonologist (Elf:1)
  2 deep elf annihilators
  A green death (Gauntlet)
  An entropy weaver (shapeshifter) (D:14)
  4 hydras
  A rakshasa (Abyss:3)
  Harold (Orc:1)
  A salamander tyrant (Snake:2)
  3 vault guards (D:13)
  2 catoblepae
  6 centaur warriors
  An ogre mage (D:15)
  16 anacondas
  3 two-headed ogres
  12 dancing weapons
  17 naga warriors
  4 boulder beetles
  5 orc high priests
  6 death yaks (Lair:4)
  5 shock serpents
  A soul eater (Gauntlet)
  16 naga sharpshooters
  An occultist (Elf:2)
  14 deep elf knights
  3 skysharks
  7 skeletal warriors
  A salamander mystic (Snake:2)
  7 naga ritualists
  9 deep elf archers
  An arcanist (D:14)
  A lindwurm (Lair:2)
  20 deep elf pyromancers
  8 mana vipers
  7 large abominations
  9 orc knights
  13 deep elf zephyrmancers
  2 orc sorcerers
  8 ugly things
  11 salamanders
  20 elephants
  A manticore (D:15)
  4 cyclopes
  Joseph (D:9)
  12 guardian serpents
  An ice statue (Snake:1)
  39 black mambas
  14 cane toads
  19 naga magi
  A gargoyle (D:11)
  2 smoke demons (Abyss:3)
  An orange demon (Gauntlet)
  An unseen horror (D:13)
  2 efreet
  A hellion (Abyss:3)
  A rime drake (Lair:1)
  11 komodo dragons
  An ancient zyme (Abyss:3)
  6 meliai
  A queen bee (Lair:1)
  6 hornets
  10 polar bears
  5 raiju (Abyss:3)
  2 trolls
  18 blink frogs
  4 slime creatures (D:14)
  2 wyverns
  15 spriggans
  4 wraiths
  8 humans (D:13)
  4 steam dragons
  4 water elementals
  46 yaks
  4 basilisks
  2 chaos spawn (Elf:1)
  3 wargs
  44 nagas
  15 water moccasins
  43 orc warriors
  3 sky beasts
  2 ice beasts
  4 black bears
  3 ogres
  4 boggarts (Lair:5)
  10 centaurs
  38 wolves
  6 kobold brigands
  11 bullfrogs
  5 gnoll sergeants
  An earth elemental (Elf:2)
  5 scorpions
  10 wights
  22 killer bees
  9 small abominations
  9 electric eels
  6 howler monkeys
  13 jellies
  2 gnoll boudas
  12 starcursed masses
  2 hounds
  37 orc priests
  2 sleepcaps
  3 iguanas
  22 orc wizards
  2 centaur simulacra (D:9)
  32 gnolls
  6 adders
  4 shadow imps
  5 white imps
  2 ufetubi (D:9)
  A worm (D:2)
  6 dart slugs
  75 orcs
  14 ball pythons
  6 bats
  9 endoplasms
  4 giant cockroaches
  22 goblins
  15 hobgoblins
  9 jackals
  3 quokkas
  3 frilled lizards
  30 kobolds
  10 rats
1120 creatures vanquished.

Vanquished Creatures (collateral kills)
  A dread lich (Abyss:3)
  Asterion (Snake:1)
  2 nagarajas (Snake:4)
  A minotaur (Gauntlet)
  Josephine (D:15)
  A salamander tyrant (Snake:4)
  2 anacondas (Snake:4)
  A naga warrior (Snake:4)
  An orc high priest (Orc:2)
  A deep elf knight (Elf:2)
  2 salamander mystics (Snake:4)
  2 naga ritualists
  2 mana vipers (Snake:1)
  A salamander (Snake:4)
  5 naga magi
  2 black mambas (Snake:1)
  2 guardian serpents (Snake:4)
  A wraith (D:15)
  5 nagas
  2 orc warriors
  3 ogres (D:15)
  A starcursed mass (Abyss:3)
  2 orcs (Orc:2)
42 creatures vanquished.

Vanquished Creatures (others)
  A vault guard (D:13)
  A naga sharpshooter (Snake:3)
2 creatures vanquished.

Grand Total: 1164 creatures vanquished

Notes
Turn   | Place    | Note
-------+----------+-------------------------------------------
     0 | D:1      | Dirtsage the Demonspawn Fighter began the quest for the
                  | Orb.
     0 | D:1      | Reached XP level 1. HP: 18/18 MP: 1/1
    86 | D:1      | Gained mutation: Your demonic aura sometimes causes spilled
                  | blood to erupt in flames. [demonic ancestry]
    86 | D:1      | Reached XP level 2. HP: 17/24 MP: 2/2
   286 | D:1      | Reached XP level 3. HP: 26/29 MP: 3/3
   881 | D:2      | Reached XP level 4. HP: 35/35 MP: 4/4
  1413 | D:3      | Found a faded altar of an unknown god.
  1546 | D:3      | Gained mutation: You have a pair of small antennae on your
                  | head. [demonic ancestry]
  1546 | D:3      | Reached XP level 5. HP: 6/41 MP: 5/5
  1735 | D:3      | Reached skill level 5 in Long Blades
  2246 | D:4      | Gained mutation: You sometimes gain a little power by
                  | taking damage. [demonic ancestry]
  2246 | D:4      | Reached XP level 6. HP: 42/47 MP: 6/6
  2328 | D:4      | Found an ancient bone altar of Kikubaaqudgha.
  2374 | D:4      | Found a shadowy altar of Dithmenos.
  3030 | D:5      | Entered Level 5 of the Dungeon
  3370 | D:5      | Identified the ring of Laxorez {Fire Will++ rCorr}
  3484 | D:5      | Found a staircase to the Ecumenical Temple.
  3519 | D:5      | Noticed an ice beast
  3553 | Temple   | Entered the Ecumenical Temple
  3570 | Temple   | Became a worshipper of Makhleb the Destroyer
  3634 | D:5      | Killed an ice beast
  3635 | D:5      | Gained mutation: You have a somewhat thin skeletal
                  | structure. (Dex +2, Stealth+) [demonic ancestry]
  3635 | D:5      | Reached XP level 7. HP: 26/52 MP: 7/7
  4105 | D:6      | Reached skill level 1 in Invocations
  4274 | D:6      | HP: 1/52 [gnoll/+0 halberd[a gnoll bouda] (12)]
  4279 | D:7      | Found a runed translucent door.
  4410 | D:7      | Noticed lastchild's ghost (novice OpSh)
  4413 | D:7      | Found a broken altar of Ashenzari.
  4438 | D:7      | Reached skill level 2 in Invocations
  4540 | D:7      | Found a flagged portal.
  4546 | Bailey   | Entered a bailey
  4569 | Bailey   | Gained mutation: You have a pair of antennae on your head.
                  | [demonic ancestry]
  4569 | Bailey   | Reached XP level 8. HP: 57/58 MP: 9/9
  4602 | Bailey   | Reached skill level 1 in Stealth
  4675 | Bailey   | Reached * piety under Makhleb
  4718 | Bailey   | Reached skill level 3 in Invocations
  5063 | Bailey   | Noticed an orc warlord
  5075 | Bailey   | Reached skill level 4 in Invocations
  5081 | Bailey   | Gained mutation: You are robust. (+10% HP) [demonic
                  | ancestry]
  5081 | Bailey   | Reached XP level 9. HP: 72/72 MP: 10/12
  5087 | Bailey   | Killed an orc warlord
  5088 | Bailey   | Reached skill level 5 in Fighting
  5088 | Bailey   | Reached skill level 5 in Invocations
  5214 | Bailey   | Identified the +11 mace "Doviolets" {flame, rF+ Will+}
  5231 | Bailey   | Acquired the +1 demon blade "Mapnomp" {freeze, Fragile
                  | rElec rCorr Int+5}
  5404 | D:7      | Noticed a red ugly thing
  5412 | D:7      | Killed a red ugly thing
  5413 | D:7      | Reached skill level 5 in Shields
  5443 | D:7      | Reached ** piety under Makhleb
  5449 | D:7      | Reached skill level 6 in Invocations
  5513 | D:7      | Reached skill level 10 in Long Blades
  5554 | D:7      | Gained mutation: You have a pair of large antennae on your
                  | head. (SInv) [demonic ancestry]
  5554 | D:7      | Reached XP level 10. HP: 54/83 MP: 14/14
  6277 | D:8      | Identified the "Virobuw"
  6324 | D:8      | Reached skill level 5 in Stealth
  6393 | D:8      | Reached *** piety under Makhleb
  6610 | D:8      | Reached skill level 7 in Invocations
  6894 | D:8      | Noticed a two-headed ogre
  6904 | D:8      | Killed a two-headed ogre
  7464 | D:9      | Noticed Joseph
  7475 | D:9      | Killed Joseph
  7476 | D:9      | Gained mutation: You sometimes gain power by taking damage.
                  | [demonic ancestry]
  7476 | D:9      | Reached XP level 11. HP: 72/91 MP: 12/16
  7701 | D:9      | Found a snail-covered altar of Cheibriados.
  7824 | D:9      | Reached skill level 8 in Invocations
  7829 | D:9      | Identified the +1 robe "Qoici" {rC+}
  7883 | D:9      | Reached **** piety under Makhleb
  8207 | D:10     | Entered Level 10 of the Dungeon
  8401 | D:10     | Noticed a purple ugly thing
  8436 | D:10     | Killed a purple ugly thing
  8437 | D:10     | Reached skill level 1 in Dodging
  8532 | D:10     | Found a bloodstained altar of Trog.
  8682 | D:10     | Found a shimmering altar of Xom.
  8691 | D:10     | Noticed a catoblepas
  8705 | D:10     | Killed a catoblepas
  9038 | D:10     | Found a hide-covered altar of Uskayaw.
  9095 | D:11     | Found a staircase to the Orcish Mines.
  9829 | D:11     | Found a staircase to the Lair.
  9939 | Lair:1   | Entered Level 1 of the Lair of Beasts
  9942 | Lair:1   | Reached skill level 9 in Invocations
  9955 | D:11     | Reached ***** piety under Makhleb
 10025 | D:11     | Reached XP level 12. HP: 31/101 MP: 8/18
 11484 | Lair:1   | Reached skill level 10 in Invocations
 11556 | Lair:1   | Reached skill level 5 in Armour
 11856 | Lair:2   | Noticed a four-headed hydra
 11856 | Lair:2   | Noticed a six-headed hydra
 11938 | Lair:2   | Killed a ten-headed hydra
 12179 | Lair:2   | Reached XP level 13. HP: 110/110 MP: 20/20
 12714 | Lair:2   | Learned a level 4 spell: Manifold Assault
 12717 | Lair:2   | Learned a level 2 spell: Blink
 13256 | Lair:3   | Found a staircase to the Snake Pit.
 13358 | Lair:3   | Reached skill level 1 in Translocations
 13371 | Lair:3   | Reached skill level 1 in Spellcasting
 13377 | Lair:3   | Reached ****** piety under Makhleb
 13445 | Lair:3   | Found a staircase to the Swamp.
 13540 | Lair:3   | Reached skill level 5 in Dodging
 13669 | Lair:3   | Reached skill level 11 in Invocations
 15056 | Lair:4   | Gained mutation: Your demonic aura often causes spilled
                  | blood to erupt in flames. [demonic ancestry]
 15056 | Lair:4   | Reached XP level 14. HP: 119/119 MP: 20/22
 15425 | Lair:5   | Entered Level 5 of the Lair of Beasts
 16184 | Lair:5   | Found a staircase to the Slime Pits.
 16192 | Lair:5   | Reached skill level 10 in Fighting
 16851 | Orc:1    | Identified the "Puirodde"
 16851 | Orc:1    | Entered Level 1 of the Orcish Mines
 16925 | Orc:2    | Entered Level 2 of the Orcish Mines
 17195 | Orc:2    | Found a staircase to the Elven Halls.
 17291 | Orc:1    | Noticed Harold
 17311 | Orc:1    | Killed Harold
 17363 | Orc:1    | Found a shimmering blue altar of Sif Muna.
 17739 | Orc:2    | Reached skill level 12 in Invocations
 17791 | Orc:2    | Noticed an orc warlord
 17802 | Orc:2    | Killed an orc warlord
 18588 | Orc:2    | Found Sotsioca's Distillery.
 18591 | Orc:2    | Found Zeideot's Book Emporium.
 18592 | Orc:2    | Found Vesyacil's Book Emporium.
 18593 | Orc:2    | Found Pudde's Antique Armour Shoppe.
 18599 | Orc:2    | Bought a pair of embroidered boots for 300 gold pieces
 18612 | Orc:2    | Bought a potion of berserk rage for 75 gold pieces
 18612 | Orc:2    | Bought a potion of enlightenment for 75 gold pieces
 18612 | Orc:2    | Bought a potion of attraction for 45 gold pieces
 18878 | IceCv    | Identified the of Tycuskoe
 18878 | Snake:1  | Entered Level 1 of the Snake Pit
 18879 | Snake:1  | Noticed a cacodemon
 18889 | Snake:1  | Reached skill level 5 in Translocations
 18890 | Snake:1  | Noticed Asterion
 18898 | Snake:1  | Gained mutation: You have a moderately thin skeletal
                  | structure. (Dex +4, Stealth++) [demonic ancestry]
 18898 | Snake:1  | Reached XP level 15. HP: 48/126 MP: 5/24
 18900 | Snake:1  | Killed Asterion
 19208 | Snake:1  | Reached skill level 13 in Invocations
 19214 | Snake:1  | Found a frozen archway.
 19331 | IceCv    | Entered an ice cave
 19873 | Snake:1  | Reached skill level 10 in Shields
 19987 | Snake:1  | Noticed Roxanne
 20065 | Snake:1  | Killed Roxanne
 20691 | Snake:2  | Reached skill level 5 in Spellcasting
 20803 | Snake:2  | Found Mobisoh's Firing Range.
 21272 | Snake:2  | Reached skill level 14 in Invocations
 21917 | Snake:2  | Saving game... please wait.
 21954 | Snake:3  | Found a burning altar of Makhleb.
 22012 | Snake:3  | HP: 6/126 [poisoned by a naga (splash of poison)]
 22050 | Snake:3  | Found a flickering gateway to a bazaar.
 22178 | Bazaar   | Entered a bazaar
 22178 | Bazaar   | Found Wess's Distillery.
 22178 | Bazaar   | Found Leexkeig's General Store.
 22238 | Bazaar   | Found Edunat's Antique Armour Boutique.
 22249 | Bazaar   | Found Acoate's Antique Weapon Emporium.
 22269 | Bazaar   | Found Konidar's Jewellery Boutique.
 22296 | Bazaar   | Bought a scroll of acquirement for 520 gold pieces
 22296 | Bazaar   | Bought a scroll of acquirement for 520 gold pieces
 22296 | Bazaar   | Acquired 939 gold pieces
 22339 | Bazaar   | Bought the amulet of Zampisk {rElec Regen+ rCorr Dex+3} for
                  | 670 gold pieces
 22356 | Bazaar   | Acquired the +6 double sword "Iqiefiq" {freeze, rF++}
 22443 | Bazaar   | Bought a potion of heal wounds for 35 gold pieces
 22443 | Bazaar   | Bought a potion of heal wounds for 35 gold pieces
 22443 | Bazaar   | Bought a potion of heal wounds for 35 gold pieces
 22443 | Bazaar   | Bought a potion of haste for 70 gold pieces
 22443 | Bazaar   | Bought a potion of curing for 21 gold pieces
 22443 | Bazaar   | Bought a potion of haste for 70 gold pieces
 22451 | Bazaar   | Bought a potion of heal wounds for 50 gold pieces
 22451 | Bazaar   | Bought a scroll of identify for 20 gold pieces
 22665 | Snake:3  | Gained mutation: You are powered by pain. [demonic
                  | ancestry]
 22665 | Snake:3  | Reached XP level 16. HP: 125/134 MP: 26/26
 23083 | Snake:4  | Identified the "Asoyso Vaso"
 23083 | Snake:4  | Entered Level 4 of the Snake Pit
 23233 | Snake:4  | HP: 3/134 [nagaraja/+0 halberd (42)]
 23356 | Snake:4  | Reached skill level 15 in Invocations
 23360 | Snake:4  | Saving game... please wait.
 23946 | Snake:4  | Found Zimm's Armour Shop.
 23948 | Snake:4  | Found Guzue's Distillery.
 23948 | Snake:4  | Found Huemo's Weapon Emporium.
 23965 | Snake:4  | Found Zoadeamy's Magic Scroll Boutique.
 23965 | Snake:4  | Found Pialof's Jewellery Emporium.
 23973 | Snake:4  | Bought a scroll of identify for 36 gold pieces
 23973 | Snake:4  | Bought a scroll of identify for 36 gold pieces
 23973 | Snake:4  | Bought a scroll of identify for 36 gold pieces
 23973 | Snake:4  | Bought a scroll of teleportation for 54 gold pieces
 23973 | Snake:4  | Bought 3 scrolls of identify for 108 gold pieces
 24163 | Snake:4  | Noticed Vashnia
 24180 | Snake:4  | Killed Vashnia
 24263 | Snake:4  | Reached XP level 17. HP: 135/140 MP: 28/28
 24390 | Snake:4  | Got a serpentine rune of Zot
 25322 | D:13     | Found a gate leading to a gauntlet.
 25331 | Gauntlet | Entered a Gauntlet
 25331 | Gauntlet | Found a transporter.
 25331 | Gauntlet | Found a transporter.
 25337 | Gauntlet | Found a transporter.
 25357 | Gauntlet | Found a transporter.
 25366 | Gauntlet | Found a transporter.
 25367 | Gauntlet | Found a transporter.
 25370 | Gauntlet | Found a transporter.
 25370 | Gauntlet | Found a transporter.
 25388 | Gauntlet | Found a transporter.
 25404 | Gauntlet | Found a transporter.
 25421 | Gauntlet | Found a transporter.
 25443 | Gauntlet | Found a transporter.
 25465 | Gauntlet | Found a transporter.
 25465 | Gauntlet | Found a transporter.
 25651 | Gauntlet | Identified the amulet "Weemnipy" {Reflect Contam rF- Str+9
                  | Int+4 SH+5}
 25668 | Gauntlet | Identified the +10 morningstar of Xodwir {protect, *Noise
                  | Fragile rC+ Int+8}
 26011 | D:13     | Reached skill level 1 in Shapeshifting
 26090 | D:13     | Found a gate to the Vaults.
 26604 | D:14     | Noticed Rupert
 26628 | D:14     | Killed Rupert
 26847 | D:14     | Found an iron altar of Okawaru.
 26986 | D:14     | Reached skill level 10 in Translocations
 27223 | D:15     | Entered Level 15 of the Dungeon
 27232 | D:15     | Noticed Josephine
 27238 | D:15     | Killed Josephine
 27244 | D:15     | Reached skill level 16 in Invocations
 27334 | D:15     | Found a staircase to the Depths.
 27536 | D:15     | Found a stormy altar of Qazlal.
 28515 | Swamp:1  | Identified the "Jazi"
 28515 | Vaults:5 | Identified the "Icyrphuw"
 28515 | Vaults:5 | Identified the of Xemaof
 28515 | Crypt:3  | Identified the "Kiyre"
 28515 | Crypt:3  | Identified the "Hass"
 28515 | Depths:2 | Identified the "Hygo"
 28515 | Elf:1    | Entered Level 1 of the Elven Halls
 28697 | Abyss:3  | Cast into level 3 of the Abyss (+3 spear of distortion)
 28837 | Abyss:3  | Paralysed by accursed screaming for 1 turns
 28897 | Abyss:3  | Noticed a bone dragon
 28925 | Abyss:3  | Killed a bone dragon
 28962 | Abyss:3  | Noticed a dread lich
 28973 | Abyss:3  | Paralysed by a dread lich for 2 turns
 28979 | Abyss:3  | Paralysed by a dread lich for 2 turns
 28981 | Abyss:3  | Noticed a Tzitzimitl
 28982 | Abyss:3  | Killed a dread lich
 28983 | Abyss:3  | Reached skill level 10 in Armour
 28983 | Abyss:3  | Reached XP level 18. HP: 91/147 MP: 30/30
 28987 | Elf:1    | Escaped the Abyss
 28992 | Elf:1    | Noticed Agnes
 29250 | Elf:1    | You fall into a shaft and drop 1 floor!
 29280 | Elf:2    | Found Joesuokle's Antique Weapon Shoppe.
 29482 | Elf:2    | Reached skill level 5 in Shapeshifting
 29579 | Elf:2    | Identified the +1 sling of Plunder {flame, rC+ Str+2 Int+4}
 29609 | Elf:2    | Found a runed translucent gate.
 29618 | Elf:2    | Found a runed translucent gate.
 29618 | Elf:2    | Found a runed translucent gate.
 30005 | Elf:2    | HP: 6/147 [+3 halberd of venom (26)]
 30006 | Elf:2    | Slain by a +1 short sword of speed

Illustrated notes

Levels and vault maps discovered:
D:1:      minmay_arrival_plants_in_alcoves, layout_basic
D:2:      layout_basic
D:3:      layout_basic, nicolae_ecumenical_snake_handling
D:4:      layout_basic, kennysheep_little_box, nicolae_dithmenos_the_darkroom
D:5:      layout_basic, minmay_temple_entry_poolview,
          amcnicky_mini_rare_corridor_liquid
D:6:      layout_rooms, chequers_serial_rivers_micro_a, serial_bayou_pond_d
D:7:      layout_rooms, amcnicky_altar_gilded, enter_bailey_3,
          ebering_ghost_reflecting_pool
D:8:      layout_basic, grunt_ministairs_12
D:9:      layout_basic, mainiacjoe_overflow_chevrons, serial_ice, serial_ice_l,
          serial_ice_a, serial_ice_c, serial_ice_g, serial_ice_f, serial_ice_m,
          uniq_joseph
D:10:     layout_basic, overflow_temple_1_default, trog_butcher_becter,
          amethyst_overflow_temple_binary, minmay_misc_feat_pillars
D:11:     layout_stronghold, david_lair_shrubbed, orc_0_dummy
D:12:     layout_rooms, special_room [special_room_orc]
D:13:     layout_roguey, ximxim_vaults_locker_room, gauntlet_entry_generic
D:14:     layout_irregular_city, chequers_big_river,
          kennysheep_okawaru_gauntlet, uniq_rupert
D:15:     grunt_enter_depths_giant_problem, layout_layer_cave,
          chequers_mini_garden, grunt_qazlal_clouds, uniq_josephine
Temple:   zaba_magenta_temple
Lair:1:   layout_roguey, special_room [special_room_bee], grunt_megastairs_3
Lair:2:   layout_roguey, grunt_megastairs_4
Lair:3:   layout_chaotic_city, minmay_swamp_entry_eels,
          minmay_snake_entry_six_corridors, grunt_megastairs_2,
          lemuel_fruit_tree
Lair:4:   layout_long_grid, serial_bayou, serial_bayou_lake_a,
          serial_bayou_lagoon_a, serial_bayou_lagoon_b, serial_bayou_pond_e,
          infiniplex_staircase_pool_2
Lair:5:   minmay_lair_end_enchanted_forest, layout_regular_city,
          minmay_slime_entry_jelly_boxes
Snake:1:  layout_concentric_octagons, portal_ice_cave_entry_ice_statue_one,
          st_stairs_9, nicolae_snake_gridmaze_squiggle, grunt_ministairs_13,
          serial_bayou_shore_b, uniq_roxanne, uniq_asterion
Snake:2:  layout_basic, nicolae_shop_firing_range
Snake:3:  layout_basic, serial_shops, bzr_entry_dummy, basic_altar
Snake:4:  grunt_snake_rune_serpentine_throne, layout_basic, drop_trap,
          nicolae_snake_slithery_corners, nicolae_snake_serpentine_bazaar
Orc:1:    layout_diamond_mine, led_sif_book, uniq_harold
Orc:2:    st_orc_pillars, layout_diamond_mine, lightli_orcish_oven
Elf:1:    layout_gridlike, serial_shops, nicolae_shop_real_fake_doors,
          ebering_ghost_xom, hangedman_elven_crosses_minicolossus,
          nicolae_elf_free_trip_to_the_abyss, uniq_agnes
Elf:2:    elven_hall_of_blades_hangedman_original
          [infiniplex_blade_entry_pillars], layout_gridlike, serial_shops,
          nicolae_shop_crystal, dreamdust_mushroom_princess, laboratory

Skill      XL: |  1  2  3  4  5  6  7  8  9 10 11 12 13 14 15 16 17 18 |
---------------+-------------------------------------------------------+-----
Long Blades    | 2 3 4 5 7 8 10 11 12 13 14 | 14.0
Invocations    | 2 4 6 7 9 10 11 12 14 15 16 | 16.0
Shields        | 3 4 5 6 7 8 9 10 12 13 | 13.7
Stealth        | 2 4 5 7 8 |  8.2
Fighting       | 4 5 6 7 8 9 10 | 10.0
Armour         | 3 5 6 7 8 9 10 | 10.3
Dodging        | 2 4 5 6 7 8 9 |  9.8
Translocations | 2 5 7 9 10 11 | 11.3
Spellcasting   | 2 4 5 6 7 8 |  8.3
Shapeshifting  | 4 5 |  5.4

Action                     |  1- 3 |  4- 6 |  7- 9 | 10-12 | 13-15 | 16-18 || total
---------------------------+-------+-------+-------+-------+-------+-------++-------
  Melee: Long sword        |   129 |   175 |   192 |       |       |       ||   496
         Demon blade       |       |       |    46 |   791 |  1293 |       ||  2130
         Double sword      |       |       |       |       |     7 |  1025 ||  1032
  Throw: Dart              |       |       |       |     1 |     1 |       ||     2
   Cast: Manifold Assault  |       |       |       |       |       |     2 ||     2
 Invoke: Lesser Servant of |       |       |       |     1 |     1 |     1 ||     3
         Major Destruction |       |       |       |       |     5 |     7 ||    12
         Greater Servant o |       |       |       |       |     3 |    10 ||    13
  Evoke: Wand              |       |       |     3 |       |    10 |     1 ||    14
    Use: Scroll            |       |       |    11 |       |    11 |    17 ||    39
         Potion            |       |       |     6 |     1 |     5 |     2 ||    14
   Stab: Sleeping          |       |       |     2 |     8 |    21 |    21 ||    52
         Distracted        |       |       |       |     3 |    14 |    14 ||    31
         Paralysed         |       |       |       |       |     5 |       ||     5
 Armour: Scale mail        |    92 |    78 |       |   394 |   556 |   136 ||  1256
         Leather armour    |       |    51 |   134 |   207 |       |       ||   392
         Skin              |       |       |    41 |       |       |       ||    41
         Ring mail         |       |       |       |       |       |   372 ||   372
  Dodge: Dodged            |    51 |    75 |    82 |   321 |   360 |   406 ||  1295
         Repelled          |       |       |       |     2 |    14 |    26 ||    42
  Block: Buckler           |    38 |    46 |    77 |   284 |   104 |       ||   549
         Tower shield      |       |       |       |       |   913 |  1210 ||  2123
         Reflection        |       |       |       |       |       |    94 ||    94

Table legend: (Time is in decaauts)
 A = Elapsed time spent in this place.
 B = Non-inter-level travel time spent in this place.
 C = Inter-level travel time spent in this place.
 D = Time resting spent in this place.
 E = Time spent auto-exploring this place.
 F = Levels seen in this place.
 G = Mean time per level.
                   A        B        C        D        E       F      G
               +--------+--------+--------+--------+--------+-----+--------+
         Total |  29822 |  28269 |   1553 |   1826 |  18533 |  34 |  877.1 |
       Dungeon |  12863 |  12224 |    639 |    495 |   9001 |  15 |  857.5 |
        Temple |     34 |      2 |     32 |      0 |      0 |   1 |   34.0 |
          Lair |   6717 |   6302 |    415 |    513 |   4397 |   5 | 1343.4 |
     Snake Pit |   5260 |   5005 |    255 |    462 |   3063 |   4 | 1315.0 |
  Orcish Mines |   1987 |   1783 |    204 |     72 |    987 |   2 |  993.5 |
   Elven Halls |   1254 |   1248 |      6 |     89 |    580 |   2 |  627.0 |
         Abyss |    297 |    297 |      0 |     29 |     45 |   1 |  297.0 |
        Bazaar |    279 |    279 |      0 |      0 |     96 |   1 |  279.0 |
        Bailey |    741 |    741 |      0 |    166 |    336 |   1 |  741.0 |
      Ice Cave |      8 |      8 |      0 |      0 |      0 |   1 |    8.0 |
      Gauntlet |    377 |    377 |      0 |      0 |     28 |   1 |  377.0 |
               +--------+--------+--------+--------+--------+-----+--------+

Top non-repeatable levels by time:
  Lair:1: 1623 daAuts
 Snake:4: 1574 daAuts
 Snake:1: 1542 daAuts
  Lair:4: 1452 daAuts
   Orc:2: 1452 daAuts
    D:11: 1374 daAuts
  Lair:3: 1311 daAuts
 Snake:2: 1257 daAuts
  Lair:5: 1181 daAuts
    D:15: 1178 daAuts
  Lair:2: 1148 daAuts
     D:8: 1025 daAuts
     D:7: 1003 daAuts
 Snake:3: 886 daAuts
     D:3: 872 daAuts
